 Dungeon Crawl Stone Soup version 0.28-a0-1567-g1695149f81 (webtiles) character file.

Game seed: 12760608186319541729

1538 croobank the Ducker (level 8, -3/78 (80) HPs)
             Began as a Troll Monk on Jan 19, 2022.
             Slain by a wyvern (15 damage)
             ... on level 8 of the Dungeon.
             The game lasted 00:25:46 (5047 turns).

croobank the Ducker (Troll Monk)                    Turns: 5047, Time: 00:25:47

HP:   -3/78 (80)    AC:  4    Str: 20    XL:     8   Next: 56%
MP:   7/7           EV: 12    Int:  6    God:
Gold: 229           SH:  0    Dex: 20    Spells: 7/7 levels left

rFire   . . .      SeeInvis .   h - +5 dagger (elec)
rCold   . . .      Faith    .   (no shield)
rNeg    . . .      Spirit   .   b - +0 robe
rPois   +          Reflect  .   (helmet restricted)
rElec   .          Harm     .   (no cloak)
rCorr   .          Rampage  .   (gloves unavailable)
Will    .....                   (boots unavailable)
Stlth   +++.......              (no amulet)
HPRegen 1.03/turn               x - ring of poison resistance
MPRegen 0.10/turn               B - +6 ring of dexterity

@: flying, lightly drained
A: large, unfitting armour, claws 3, regeneration 1, shaggy fur 1, tough skin 1
a: no special abilities


You were on level 8 of the Dungeon.
You visited 1 branch of the dungeon, and saw 8 of its levels.
You also visited: Sewer.

You collected 229 gold pieces.

Inventory:

Hand Weapons
 a - a +0 mace
 f - a +0 hand axe
 h - a +5 dagger of electrocution (weapon)
 n - a +0 dagger of speed
 s - a +0 hand axe of venom
Missiles
 d - 11 poisoned darts
 e - 57 arrows
 i - 85 stones
 j - 2 curare-tipped darts
 r - 51 bolts
 y - 2 boomerangs (quivered)
Armour
 b - a +0 robe (worn)
Jewellery
 x - a ring of poison resistance (left claw)
 A - a ring of willpower
 B - a +6 ring of dexterity (right claw)
 E - a ring of positive energy
Wands
 C - a wand of charming (9)
Scrolls
 c - a scroll of amnesia {unknown}
 g - a scroll of immolation
 l - a scroll of enchant armour {unknown}
 m - 2 scrolls of fog
 q - a scroll of noise {unknown}
 u - 2 scrolls of teleportation
 z - a scroll of summoning {unknown}
 D - a scroll of magic mapping
Potions
 k - 2 potions of cancellation
 o - 2 potions of attraction
 t - 3 potions of brilliance
 w - a potion of flight


   Skills:
 + Level 5.0 Fighting
 + Level 4.1 Short Blades
 - Level 3.2 Maces & Flails
 + Level 5.0 Dodging
 + Level 3.4 Stealth


You had 7 spell levels left.
You didn't know any spells.
Your spell library contained the following spells:

 Spells                   Type           Power      Damage    Failure   Level
 Confusing Touch          Hex            0%         N/A       83%         3
 Summon Ice Beast         Ice/Summ       0%         N/A       99%         4
 Summon Mana Viper        Hex/Summ       0%         N/A       100%        5
 Yara's Violent Unravell  Hex/Tmut       0%         3d3       100%        5
 Enfeeble                 Hex            0%         N/A       100%        7
 Monstrous Menagerie      Summ           0%         N/A       100%        7


Dungeon Overview and Level Annotations

Branches:
Dungeon (8/15)              Sewer (visited)
 Temple: D:4-7         Lair: D:8-11

Altars:

Shops:
D:1 (   D:5 (

Annotations:
D:3 Grinder


Innate Abilities, Weirdness & Mutations

You are too large for most types of armour.
You have claws for hands.
Your natural rate of healing is unusually fast.
You are covered in fur. (AC +1)
You have tough skin. (AC +1)


Message History

There is a stone staircase leading down here.
You climb downwards.
Reactivating autopickup.
You start to feel less resistant.
There is a stone staircase leading up here.
A wyvern comes into view.
Your resistance to elements expires.
You hit the wyvern.
The wyvern is lightly wounded.
The wyvern bites you.
You hit the wyvern.
The wyvern is lightly wounded.
The wyvern misses you. The wyvern bites you!
You hit the wyvern but do no damage.
The wyvern is lightly wounded.
The wyvern closely misses you.
You puncture the wyvern!
The wyvern is heavily wounded.
The wyvern bites you.
You hit the wyvern but do no damage.
The wyvern is heavily wounded.
The wyvern bites you.
You completely miss the wyvern.
The wyvern is heavily wounded.
The wyvern bites you!!
* * * LOW HITPOINT WARNING * * *
You completely miss the wyvern.
The wyvern is heavily wounded.
The wyvern bites you!
* * * LOW HITPOINT WARNING * * *
The wyvern bites you!
* * * LOW HITPOINT WARNING * * *
It was a potion of flight.
You feel very buoyant.
You fly up into the air.
The wyvern bites you but does no damage.
A jelly comes into view.
It was a potion of curing.
You feel better. The wyvern misses you. The wyvern bites you!
You die...

..##############..
..........<.......
.#####.########.#
#.# #@#######
#l.....J.
#.....###
.........
##.###...# #.#
...# #.# ..# ...
.# #.#


You could see a wyvern and a jelly (wandering).

Vanquished Creatures
  A water moccasin (D:5)
  2 ice beasts (D:5)
  A black bear (D:4)
  An ogre (D:5)
  A necrophage (D:6)
  5 kobold brigands (Sewer)
  A water moccasin zombie (D:3)
  A wyvern skeleton (D:5)
  A howler monkey (D:4)
  A jelly (D:5)
  2 orc priests
  3 bullfrog skeletons
  An iguana (D:4)
  2 orc wizards
  2 hound skeletons
  9 adders
  An adder skeleton (D:5)
  9 worms
  10 orcs
  10 ball pythons
  13 endoplasms
  4 giant cockroaches
  7 hobgoblins
  11 jackals
  6 quokkas
  10 bats
  4 frilled lizards
  5 goblins
  12 kobolds
  5 rats
141 creatures vanquished.

Notes
Turn   | Place    | Note
-------+----------+-------------------------------------------
     0 | D:1      | croobank the Troll Monk began the quest for the Orb.
     0 | D:1      | Reached XP level 1. HP: 22/22 MP: 0/0
   150 | D:1      | Reached XP level 2. HP: 29/29 MP: 1/1
   502 | D:2      | Reached XP level 3. HP: 19/36 MP: 2/2
  1045 | D:1      | Found Zoin's Weapon Emporium.
  1112 | D:1      | Found a faded altar of an unknown god.
  1279 | D:2      | Reached XP level 4. HP: 44/44 MP: 3/3
  1710 | D:2      | Reached skill level 1 in Short Blades
  1798 | D:3      | Reached XP level 5. HP: 26/53 MP: 4/4
  1821 | D:3      | Found a glowing drain.
  1834 | Sewer    | Entered a sewer
  1988 | Sewer    | Reached XP level 6. HP: 55/61 MP: 5/5
  2220 | Sewer    | Reached XP level 7. HP: 51/68 MP: 6/6
  2551 | D:3      | Noticed Grinder
  3645 | D:5      | Entered Level 5 of the Dungeon
  3910 | D:5      | Reached XP level 8. HP: 79/79 MP: 7/7
  4413 | D:5      | Found Uvvitet's Weapon Shoppe.
  4853 | D:6      | Reached skill level 5 in Fighting
  4853 | D:6      | Reached skill level 5 in Dodging
  5047 | D:8      | Slain by a wyvern

Illustrated notes

Levels and vault maps discovered:
D:1:      giann_forest_graveyard, layout_loops_ring,
          dilly_ecumenical_altar_fadedgnrine, serial_shops, nicolae_shop_trees
D:2:      layout_basic
D:3:      layout_basic, cheibrodos_sewer_entry_bend, kennysheep_generic_room_9,
          uniq_grinder
D:4:      nicolae_cairo_tiling_large_dashed, layout_rooms, kennysheep_diamond,
          patterned_corridor
D:5:      layout_layer_cave, serial_shops, nicolae_square_shop
D:6:      layout_loops_ring, uniq_crazy_yiuf_cottage, uniq_edmund
D:7:      layout_rooms, minmay_temple_entry_junction
D:8:      layout_loops_ring

Skill      XL: |  1  2  3  4  5  6  7  8 |
---------------+-------------------------+-----
Maces & Flails | 3 |  3.2
Fighting       | 3 4 5 |  5.0
Dodging        | 3 4 5 |  5.0
Short Blades   | 1 2 3 4 |  4.1
Stealth        | 2 3 |  3.4

Action                   |  1- 3 |  4- 6 |  7- 9 || total
-------------------------+-------+-------+-------++-------
Melee: Mace              |    92 |       |       ||    92
       Punch             |     2 |     3 |       ||     5
       Dagger            |    30 |    91 |   199 ||   320
Throw: Dart              |       |       |    11 ||    11
       Boomerang         |       |       |     2 ||     2
  Use: Scroll            |       |     5 |     5 ||    10
       Potion            |       |       |     4 ||     4
 Stab: Sleeping          |     5 |     4 |    11 ||    20
Armor: Robe              |    40 |    14 |    48 ||   102
Dodge: Dodged            |    72 |    39 |    98 ||   209

Table legend: (Time is in decaauts)
 A = Elapsed time spent in this place.
 B = Non-inter-level travel time spent in this place.
 C = Inter-level travel time spent in this place.
 D = Time resting spent in this place.
 E = Time spent auto-exploring this place.
 F = Levels seen in this place.
 G = Mean time per level.
                   A        B        C        D        E       F      G
               +--------+--------+--------+--------+--------+-----+--------+
         Total |   5247 |   5080 |    167 |    182 |   3298 |   9 |  583.0 |
       Dungeon |   4382 |   4215 |    167 |    169 |   2813 |   8 |  547.8 |
         Sewer |    865 |    865 |      0 |     13 |    485 |   1 |  865.0 |
               +--------+--------+--------+--------+--------+-----+--------+

Top non-repeatable levels by time:
     D:5: 1184 daAuts
     D:1: 928 daAuts
   Sewer: 865 daAuts
     D:2: 855 daAuts
     D:4: 810 daAuts
     D:3: 401 daAuts
     D:7: 123 daAuts
     D:6: 62 daAuts
     D:8: 14 daAuts
